 Dungeon Crawl Stone Soup version 0.28-a0-1477-g273aa18710 (webtiles) character file.

Game seed: 9480752796622676548

54 Cheeritup the Grave Robber (level 3, -1/24 HPs)
             Began as a Demonspawn Necromancer on Jan 11, 2022.
             Slain by Crazy Yiuf (10 damage)
             ... on level 2 of the Dungeon.
             The game lasted 00:08:01 (2263 turns).

Cheeritup the Grave Robber (Demonspawn Necromancer) Turns: 2263, Time: 00:08:02

Health: -1/24      AC:  6    Str: 10    XL:     3   Next: 66%
Magic:  4/6        EV: 10    Int: 16    God:
Gold:   109        SH:  0    Dex: 13    Spells: 2/6 levels left

rFire   . . .      SeeInvis .   k - +2 short sword (speed)
rCold   . . .      Faith    .   (no shield)
rNeg    . . .      Spirit   .   n - +0 ring mail
rPois   .          Reflect  .   (no helmet)
rElec   .          Harm     .   (no cloak)
rCorr   .          Rampage  .   (no gloves)
Will    .....                   (no boots)
Stlth   +.........              (no amulet)
HPRegen 0.08/turn               i - ring of wizardry
MPRegen 0.10/turn               (no ring)

@: lethally poisoned (-1 -> -12)
A: sharp scales 1
a: no special abilities


You were on level 2 of the Dungeon.
You visited 1 branch of the dungeon, and saw 2 of its levels.

You collected 109 gold pieces.

Inventory:

Hand Weapons
 k - a +2 short sword of speed (weapon)
 l - a +0 dagger of venom
Armour
 n - a +0 ring mail (worn)
Jewellery
 i - a ring of wizardry (left hand)
Wands
 o - a wand of digging (2)
Scrolls
 a - a scroll of identify {unknown}
 d - a scroll of blinking {unknown}
 e - a scroll of amnesia {unknown}
 h - 3 scrolls of teleportation {unknown}
 j - a scroll of enchant armour {unknown}
Potions
 c - a potion of curing {unknown}
 f - a potion of attraction {unknown}
 g - 2 potions of ambrosia {unknown}
 m - a potion of magic {unknown}


   Skills:
 + Level 0.0 Fighting
 * Level 0.6 Short Blades
 + Level 0.5 Armour
 + Level 1.8 Dodging
 - Level 1.7 Stealth
 + Level 2.1 Spellcasting
 * Level 5.6 Necromancy


You had 2 spell levels left.
You knew the following spells:

 Your Spells              Type           Power      Damage    Failure   Level
a - Pain                  Necr           76%        1d7       2%          1
b - Vampiric Draining     Necr           19%        2d7       6%          3

Your spell library contained the following spells:

 Spells                   Type           Power      Damage    Failure   Level
 Animate Skeleton         Necr           38%        N/A       2%          1
 Animate Dead             Necr           9%         N/A       21%         4
 Agony                    Necr           19%        N/A       50%         5


Dungeon Overview and Level Annotations

Branches:
Dungeon (2/15)

Altars:

Annotations:
D:2 Crazy Yiuf


Innate Abilities, Weirdness & Mutations

You are partially covered in razor-sharp scales. (AC +1, Slay +1)


Message History

There is an open door here.
There is an open door here.
There is an open door here.
You open the door.
There is an open door here.
Partly explored, can't reach some places.
Partly explored, can't reach some places.
Partly explored, can't reach some places.
Partly explored, can't reach some places.
Partly explored, can't reach some places.
You hit the fungus.
The fungus begins to die.
The fungus is lightly damaged.
You hit the fungus.
The fungus is lightly damaged.
You hit the fungus.
The fungus is lightly damaged.
You hit the fungus.
The fungus is lightly damaged.
You puncture the fungus!
The fungus is lightly damaged.
You puncture the fungus!
The fungus is lightly damaged.
You puncture the fungus!
The fungus is lightly damaged.
You hit the fungus.
The fungus is lightly damaged.
A nearby fungus withers and dies.
Found a mace.
Found a runed translucent door.
Press: ? - help, v - describe, . - travel
Here: Crazy Yiuf, wielding a +3 quarterstaff of chaos and wearing a +1 cloak of preservation (fire blocked by a runed translucent door)
The floor.
As you open the door, it creaks loudly!
Crazy Yiuf barely resists.
Crazy Yiuf barely misses you.
Crazy Yiuf barely resists.
Crazy Yiuf hits you with a +3 quarterstaff of chaos!
You are lethally poisoned!
You barely miss Crazy Yiuf.
You feel very sick.
Crazy Yiuf hits you with a +3 quarterstaff of chaos!
You die...

#####.........# ####..#####
#.............####..........
#.###.........#.............
#.# ###############.........
#.# #..##..### #.#
#..###.### #.###♣♣ ### #..#
#..## #..#.P♣♣ ♣♣#..)# #..#
##.## #....PP♣♣♣♣@g...#
#..## #.## ##...P♣.♣..♣#...#
#...###..# ###...♣.♣♣♣ ###
#......#.# ##♣♣♣♣♣
####...### #8...8#. ###
##...##. #.# #...##. #.#
##...##. #.# #8...8#.


You could see Crazy Yiuf.

Vanquished Creatures
  4 dart slugs
  3 endoplasms (D:1)
  2 giant cockroaches
  5 hobgoblins (D:1)
  2 jackals (D:2)
  2 quokkas (D:2)
  3 ball pythons
  5 bats
  A frilled lizard (D:1)
  3 goblins
  8 kobolds
  5 rats
43 creatures vanquished.

Vanquished Creatures (others)
  A fungus (D:2)
1 creature vanquished.

Grand Total: 44 creatures vanquished

Notes
Turn   | Place    | Note
-------+----------+-------------------------------------------
     0 | D:1      | Cheeritup the Demonspawn Necromancer began the quest for
                  | the Orb.
     0 | D:1      | Reached XP level 1. HP: 13/13 MP: 3/3
   662 | D:1      | Gained mutation: You are partially covered in razor-sharp
                  | scales. (AC +1, Slay +1) [demonic ancestry]
   662 | D:1      | Reached XP level 2. HP: 18/19 MP: 3/5
   733 | D:1      | Reached skill level 5 in Necromancy
  1374 | D:1      | Reached XP level 3. HP: 22/24 MP: 3/6
  1382 | D:1      | Learned a level 3 spell: Vampiric Draining
  2256 | D:2      | Found a runed translucent door.
  2257 | D:2      | Noticed Crazy Yiuf
  2263 | D:2      | Slain by Crazy Yiuf

Illustrated notes

Levels and vault maps discovered:
D:1:      dpeg_arrival_erosion, layout_basic
D:2:      layout_basic, serial_corexii_hall, chequers_hall_statues_y,
          corexii_hall_statues_x, uniq_crazy_yiuf_cottage

Skill      XL: |  1  2 |
---------------+-------+-----
Necromancy     | 5 |  5.6
Short Blades   | |  0.6
Armour         | |  0.5
Dodging        | |  1.8
Stealth        | |  1.7
Spellcasting   | |  2.1

Action                   || total
-------------------------++-------
Melee: Dagger            ||    28
       Punch             ||     3
       Short sword       ||    40
 Cast: Pain              ||    54
Armor: Robe              ||    11
       Leather armour    ||     8
Dodge: Dodged            ||    29

Table legend: (Time is in decaauts)
 A = Elapsed time spent in this place.
 B = Non-inter-level travel time spent in this place.
 C = Inter-level travel time spent in this place.
 D = Time resting spent in this place.
 E = Time spent auto-exploring this place.
 F = Levels seen in this place.
 G = Mean time per level.
                   A        B        C        D        E       F      G
               +--------+--------+--------+--------+--------+-----+--------+
         Total |   2252 |   2189 |     63 |    398 |   1336 |   2 | 1126.0 |
       Dungeon |   2252 |   2189 |     63 |    398 |   1336 |   2 | 1126.0 |
               +--------+--------+--------+--------+--------+-----+--------+

Top non-repeatable levels by time:
     D:1: 1508 daAuts
     D:2: 744 daAuts
